 Dungeon Crawl Stone Soup version 0.29-a0-297-g7659ce593d (console) character file.

Game seed: 9806898795159859730

1292 Ignak the Skirmisher (level 8, 0/81 HPs)
             Began as an Ogre Warper on Mar 22, 2022.
             Was a Follower of Okawaru.
             Succumbed to a killer bee's poison
             ... on level 5 of the Dungeon.
             The game lasted 00:22:13 (9135 turns).

Ignak the Skirmisher (Ogre Warper)                  Turns: 9135, Time: 00:22:14

Health: 0/81       AC:  5    Str: 17 (18) XL:     8   Next: 56%
Magic:  2/15       EV: 25    Int: 13 (14) God:    Okawaru [*.....]
Gold:   260        SH:  0    Dex:  8      Spells: 5/16 levels left

rFire   + . .      SeeInvis .   v - +4 morningstar
rCold   x . .      Faith    .   (no shield)
rNeg    . . .      Spirit   .   o - +0 robe
rPois   .          Reflect  .   (helmet restricted)
rElec   .          Harm     .   (no cloak)
rCorr   .          Rampage  .   (gloves unavailable)
Will    +....                   (boots unavailable)
Stlth   +.........              q - amulet of the acrobat
HPRegen 0.23/turn               g - ring of fire
MPRegen 0.14/turn               s - ring of willpower

@: lethally poisoned (0 -> -1), acrobatic, hasted, very quick
A: large, unfitting armour, tough skin 1, iridescent scales 1, noise suppression
a: Renounce Religion, Heroism


You were on level 5 of the Dungeon.
You worshipped Okawaru.
Okawaru was aware of your devotion.
You visited 2 branches of the dungeon, and saw 8 of its levels.

You collected 260 gold pieces.

Inventory:

Hand Weapons
 n - a +1 falchion of freezing
 v - a +4 morningstar (weapon)
Missiles
 k - 9 poisoned darts (quivered)
 p - 3 boomerangs of dispersal
Armour
 o - a +0 robe (worn)
Magical Staves
 b - a staff of conjuration
Jewellery
 g - a ring of fire (left hand)
 q - an amulet of the acrobat (around neck)
 s - a ring of willpower (right hand)
Wands
 r - a wand of digging (1)
Scrolls
 e - a scroll of magic mapping {unknown}
 f - a scroll of brand weapon {unknown}
 h - a scroll of enchant weapon
 i - 2 scrolls of teleportation
 j - 3 scrolls of identify
 m - a scroll of fog
 t - a scroll of holy word {unknown}
Potions
 u - 2 potions of flight


   Skills:
 + Level 5.5 Fighting
 * Level 4.2 Maces & Flails
 - Level 2.0 Throwing
 + Level 3.9 Dodging
 - Level 1.0 Unarmed Combat
 + Level 4.7 Spellcasting
 + Level 2.2 Conjurations
 + Level 4.4 Translocations
 + Level 2.9 Fire Magic


You had 5 spell levels left.
You knew the following spells:

 Your Spells              Type           Power      Damage    Failure   Level
a - Teleport Other        Tloc           14%        N/A       10%         3
b - Blink                 Tloc           28%        N/A       4%          2
c - Scorch                Fire           32%        2d6       9%          2
d - Flame Wave            Conj/Fire      14%        2d6       54%         4

Your spell library contained the following spells:

 Spells                   Type           Power      Damage    Failure   Level
 Magic Dart               Conj           36%        1d4       8%          1
 Gell's Gravitas          Tloc           14%        N/A       10%         3
 Lesser Beckoning         Tloc           14%        N/A       10%         3
 Mephitic Cloud           Conj/Pois/Air  5%         N/A       38%         3
 Ozocubu's Armour         Ice            3%         N/A       50%         3
 Manifold Assault         Tloc           14%        N/A       65%         5
 Metabolic Englaciation   Hex/Ice        1%         N/A       99%         5
 Summon Small Mammal      Summ           Unusable   N/A       N/A         1
 Call Imp                 Summ           Unusable   N/A       N/A         2
 Call Canine Familiar     Summ           Unusable   N/A       N/A         3
 Summon Guardian Golem    Hex/Summ       Unusable   N/A       N/A         3
 Simulacrum               Ice/Necr       Unusable   N/A       N/A         6
 Summon Cactus Giant      Summ           Unusable   N/A       N/A         6

Dungeon Overview and Level Annotations

Branches:
Dungeon (7/15)             Temple (1/1) D:5

Altars:
Ashenzari
Cheibriados
Dithmenos
Elyvilon
Gozag
Kikubaaqudgha
Nemelex Xobeh
Okawaru
Ru
Sif Muna
Trog
Xom
Yredelemnul
Zin

Shops:
D:1 !   D:2 (

Annotations:
D:4 3 runed translucent doors, Zivar's ghost, amateur SpEn


Innate Abilities, Weirdness & Mutations

You are too large for most types of armour.
You have tough skin. (AC +1)
You are partially covered in iridescent scales. (AC +2)
You passively dampen the noise of your surroundings.


Message History

Casting: Blink (safe; 4% risk of failure)
Confirm with . or Enter, or press ? or * to list all spells.
Aiming: Teleport Other (dangerous; 10% risk of failure)
Press: ? - help, Shift-Dir - straight line, f - killer bee
Aim: a killer bee (chance to affect: 62%)
The killer bee resists with significant effort.
You feel sick.
Okay, then.
You feel yourself speed up.
You feel sick. The killer bee barely misses you.
The killer bee attacks as you move away!
The killer bee stings you.
* * * LOW HITPOINT WARNING * * *
You are lethally poisoned!
The killer bee poisons you!
* * * LOW HITPOINT WARNING * * *
You feel sick.
* * * LOW HITPOINT WARNING * * *
You feel sick. The killer bee misses you.
Okay, then.
Blink to where?
Press: ? - help, Dir - move target, p - killer bee
As you read the scroll of blinking, it crumbles to dust.
* * * LOW HITPOINT WARNING * * *
You feel sick.
* * * LOW HITPOINT WARNING * * *
You feel sick.
* * * LOW HITPOINT WARNING * * *
You feel sick.
* * * LOW HITPOINT WARNING * * *
You feel sick.
There is a stone staircase leading up here.
* * * LOW HITPOINT WARNING * * *
You feel sick.
You climb upwards.
* * * LOW HITPOINT WARNING * * *
You feel sick.
There is a stone staircase leading down here.
There is a lethal amount of poison in your body!
Okay, then.
You die...

####.###.#######.
####.....#.## #.
#......##.## #. #.#.....###
## #........# #.#.....##
##### ##########.##.^.##
##...##
#..........>....#####.###.##
#.###.#####.@.....##.## ##.#
###'###.# #.##.##.##.# #.#
#.....#.# #.##.##.##.## ##.#
###.⌠.⌠.#.#
#.#..##.###.###.##
#.+..>..+.# #.#.###<#
##...## #.#.⌠.⌠.###
#.#.###.# ##.## #.#.....#
#....)..#####.#####
#.###+###
###.####..........# #.#
#.##### #.# ##......###.#


There were no monsters in sight!

Vanquished Creatures
  A water moccasin (D:4)
  An orc warrior (D:6)
  A black bear (D:3)
  An ogre (D:4)
  A phantom (D:5)
  A kobold brigand (D:6)
  A necrophage (D:5)
  6 wights (D:6)
  A killer bee (D:6)
  A hound (D:6)
  A jelly (D:5)
  A scorpion zombie (D:4)
  2 iguanas (D:4)
  3 orc wizards
  4 adders
  2 ufetubi (D:5)
  An adder zombie (D:4)
  5 dart slugs
  20 orcs
  6 endoplasms
  2 giant cockroaches
  5 goblins
  4 hobgoblins
  6 jackals
  2 quokkas (D:4)
  6 ball pythons
  4 bats
  4 frilled lizards
  8 kobolds
  4 rats
  A butterfly (D:6)
106 creatures vanquished.

Vanquished Creatures (others)
  A plant (Temple)
1 creature vanquished.

Grand Total: 107 creatures vanquished

Notes
Turn   | Place    | Note
-------+----------+-------------------------------------------
     0 | D:1      | Ignak the Ogre Warper began the quest for the Orb.
     0 | D:1      | Reached XP level 1. HP: 22/22 MP: 3/3
    86 | D:1      | Reached XP level 2. HP: 20/29 MP: 3/5
    92 | D:1      | Learned a level 2 spell: Blink
  1003 | D:1      | Found Vurate's Distillery.
  1040 | D:2      | Reached skill level 3 in Fighting
  1101 | D:2      | Reached XP level 3. HP: 17/37 MP: 5/7
  1370 | D:2      | Learned a level 3 spell: Teleport Other
  1388 | D:2      | Learned a level 2 spell: Scorch
  1507 | D:2      | Noticed a phantom
  2146 | D:2      | Found Ukollad's Weapon Emporium.
  2598 | D:3      | Reached XP level 4. HP: 39/45 MP: 1/8
  3731 | D:4      | Noticed a black bear
  4031 | D:3      | HP: 1/45 [black bear (2)]
  4033 | D:3      | Killed a black bear
  4034 | D:3      | Reached skill level 1 in Unarmed Combat
  4034 | D:3      | Reached skill level 1 in Fire Magic
  4034 | D:3      | Reached XP level 5. HP: 20/54 MP: 1/9
  4254 | D:4      | Found a runed translucent gate.
  4254 | D:4      | Found a runed translucent gate.
  4254 | D:4      | Found a runed translucent gate.
  4254 | D:4      | Noticed Zivar's ghost (amateur SpEn)
  4257 | D:4      | Found a basalt altar of Yredelemnul.
  4272 | D:4      | Reached XP level 6. HP: 46/62 MP: 9/11
  4414 | D:4      | Reached skill level 4 in Fighting
  4905 | D:4      | Learned a level 4 spell: Flame Wave
  5278 | D:4      | Noticed a water moccasin
  5285 | D:4      | Killed a water moccasin
  5286 | D:4      | Reached XP level 7. HP: 68/71 MP: 1/12
  5702 | D:5      | Entered Level 5 of the Dungeon
  5769 | D:5      | Found a sacrificial altar of Ru.
  6216 | D:5      | Found a glowing silver altar of Zin.
  6392 | D:5      | Reached skill level 1 in Conjurations
  6752 | D:5      | Found a staircase to the Ecumenical Temple.
  6761 | Temple   | Entered the Ecumenical Temple
  6861 | Temple   | Became a worshipper of Warmaster Okawaru
  7277 | D:5      | Found an opulent altar of Gozag.
  7359 | D:6      | Found a shimmering altar of Xom.
  7526 | D:6      | Gained mutation: You are partially covered in iridescent
                  | scales. (AC +2) [potion of mutation]
  7526 | D:6      | Gained mutation: You passively dampen the noise of your
                  | surroundings. [potion of mutation]
  7749 | D:6      | Reached skill level 5 in Fighting
  7749 | D:6      | Reached XP level 8. HP: 29/80 MP: 8/14
  8033 | D:6      | Reached * piety under Okawaru
  9129 | D:6      | HP: 4/81 [poisoned by a killer bee]
  9134 | D:5      | HP: 1/81 [poisoned by a killer bee]
  9135 | D:5      | Succumbed to a killer bee's poison

Illustrated notes

Levels and vault maps discovered:
D:1:      dpeg_arrival_ternary, layout_basic, serial_shops, shop
D:2:      layout_basic, serial_shops, nicolae_shop_bloodbath_and_beyond
D:3:      minmay_spotlight, layout_basic
D:4:      layout_cave_pools, nicolae_yredelemnul_ghost_church
D:5:      layout_loops_cross, pdpol_temple_overflow_zin_treasury_gozag_greed,
          nicolae_overflow_hidden_temple, minmay_temple_entry_hall
D:6:      layout_rooms, xom_butterflies, eino_small_chamber_without_monster
D:7:      layout_loops_ring, nzn_wu_jian_council_hall,
          nicolae_hepliaklqana_hippocampus, kennysheep_mini,
          lightli_corner_chamber, uniq_maggie
Temple:   jpeg_temple_island

Skill      XL: |  1  2  3  4  5  6  7  8 |
---------------+-------------------------+-----
Maces & Flails | 2 3 4 |  4.2
Fighting       | 3 4 5 |  5.5
Translocations | 3 4 |  4.4
Throwing       | 2 |  2.0
Spellcasting   | 3 4 |  4.7
Unarmed Combat | 1 |  1.0
Fire Magic     | 1 2 |  2.9
Dodging        | 3 |  3.9
Conjurations   | 1 2 |  2.2

Action                   |  1- 3 |  4- 6 |  7- 9 || total
-------------------------+-------+-------+-------++-------
Melee: Mace              |   137 |   116 |    64 ||   317
       Punch             |     1 |       |     4 ||     5
       Giant club        |       |    58 |    17 ||    75
       Falchion          |       |       |    26 ||    26
       Morningstar       |       |       |    10 ||    10
       Hand axe          |       |       |     9 ||     9
Throw: Boomerang         |     7 |       |       ||     7
       Dart              |       |    11 |     1 ||    12
 Cast: Blink             |     1 |     5 |     4 ||    10
       Scorch            |     7 |    17 |    46 ||    70
       Teleport Other    |       |     2 |     8 ||    10
  Use: Potion            |     4 |     1 |     6 ||    11
       Scroll            |     1 |       |     5 ||     6
 Stab: Sleeping          |     1 |       |       ||     1
Armor: Robe              |    85 |    56 |    40 ||   181
Dodge: Dodged            |    96 |   147 |   101 ||   344

Table legend: (Time is in decaauts)
 A = Elapsed time spent in this place.
 B = Non-inter-level travel time spent in this place.
 C = Inter-level travel time spent in this place.
 D = Time resting spent in this place.
 E = Time spent auto-exploring this place.
 F = Levels seen in this place.
 G = Mean time per level.
                   A        B        C        D        E       F      G
               +--------+--------+--------+--------+--------+-----+--------+
         Total |   9249 |   9080 |    169 |   3579 |   3483 |   8 | 1156.1 |
       Dungeon |   9108 |   8979 |    129 |   3579 |   3400 |   7 | 1301.1 |
        Temple |    141 |    101 |     40 |      0 |     83 |   1 |  141.0 |
               +--------+--------+--------+--------+--------+-----+--------+

Top non-repeatable levels by time:
     D:6: 1819 daAuts
     D:4: 1746 daAuts
     D:3: 1697 daAuts
     D:5: 1482 daAuts
     D:1: 1330 daAuts
     D:2: 1014 daAuts
  Temple: 141 daAuts
     D:7: 18 daAuts
